 Dungeon Crawl Stone Soup version 0.29-a0-72-g1732ff48e7 (webtiles) character file.

Game seed: 4252299761631968624

64 fragbeetle the Poker (level 4, -1/38 HPs)
             Began as a Ghoul Gladiator on Feb 3, 2022.
             Slain by an orc wizard (2 damage)
             ... on level 2 of the Dungeon.
             The game lasted 00:01:18 (1052 turns).

fragbeetle the Poker (Ghoul Gladiator)              Turns: 1052, Time: 00:01:18

Health: -1/38      AC:  4    Str: 19    XL:     4   Next: 12%
Magic:  3/3        EV: 12    Int:  3    God:
Gold:   34         SH:  0    Dex: 10    Spells: 3/3 levels left

rFire   . . .      SeeInvis .   a - +0 trident
rCold   + . .      Faith    .   (no shield)
rNeg    + + +      Spirit   .   b - +0 leather armour
rPois   ∞          Reflect  .   c - +0 helmet
rElec   .          Harm     .   (no cloak)
rCorr   .          Rampage  .   (no gloves)
Will    .....                   (no boots)
Stlth   +.........              (no amulet)
HPRegen 0.00/turn               (no ring)
MPRegen 0.08/turn               (no ring)

@: inhibited regen
A: claws 1, cold resistance 1, negative energy resistance 3, inhibited
regeneration, torment resistance 2
a: no special abilities


You were on level 2 of the Dungeon.
You visited 1 branch of the dungeon, and saw 2 of its levels.

You collected 34 gold pieces.

Inventory:

Hand Weapons
 a - a +0 trident (weapon)
Missiles
 d - 3 throwing nets (quivered)
Armour
 b - a +0 leather armour (worn)
 c - a +0 helmet (worn)
Jewellery
 e - an amulet of reflection
Scrolls
 g - 2 scrolls of teleportation {unknown}
 j - a scroll of blinking {unknown}
Potions
 f - a potion of curing {unknown}
 h - a potion of berserk rage {unknown}
 i - 2 potions of mutation {unknown}


   Skills:
 + Level 3.0 Fighting
 * Level 3.7 Polearms
 - Level 2.0 Throwing
 - Level 3.0 Dodging


You had 3 spell levels left.
You didn't know any spells.
Your spell library was empty.

Dungeon Overview and Level Annotations

Branches:
Dungeon (2/15)

Altars:


Innate Abilities, Weirdness & Mutations

You thrive by killing the living.
You are immune to poison.
You have sharp fingernails.
Your flesh is cold resistant. (rC+)
You are immune to negative energy. (rN+++)
You do not regenerate when monsters are visible.
You are immune to unholy pain and torment.


Message History

Unknown command.
You bump into the rock wall.
The orc wizard misses you.
Unknown command.
You closely miss the orc wizard. The orc wizard closely misses you.
You miss the orc wizard.
The orc wizard mumbles some strange words.
The orc wizard flickers and vanishes!
Deactivating autopickup; reactivate with Ctrl-A.
You completely miss something. Something hits you but does no damage.
You closely miss something. Something hits you.
You feel less confused. Something hits you but does no damage.
Items here: )))) [[[ ††.
You hear some strange, mumbled words.
A puff of flame appears from out of thin air!
The puff of flame misses you.
You hear some strange, mumbled words.
You are confused.
Items here: )))) [[[ ††.
A magic dart appears from out of thin air!
The magic dart hits you.
You're too confused to aim your attacks!
You are too confused!
You bump into the rock wall.
Something hits you.
You're too confused to move!
Something hits you.
You completely miss something. Something hits you but does no damage.
You miss something.
You feel less confused. Something hits you but does no damage.
You closely miss something. Something hits you.
Something hits you but does no damage.
You hit something. Something hits you.
* * * LOW HITPOINT WARNING * * *
You hit something.
You hear some strange, mumbled words.
A magic dart appears from out of thin air!
The magic dart hits you!
* * * LOW HITPOINT WARNING * * *
You miss something. Something hits you.
You die...

#.......>#.†.....##
...........#...#..#
.........#...#....#
...........#.#.##.#
.......###.#...# .##
...............# ..
...###.###.##..# .##.##
#...#..........##.....#
#..#.#.........#@#
#.....###.?....{##
#.###.###......##
#.##...##.......#
#.#............#.#
#...)..........#...
###........#.#.. #..
...<.....#.#..... ....
.........#.#..... ...


There were no monsters in sight!

Vanquished Creatures
  An orc wizard (D:2)
  An adder (D:2)
  A worm (D:2)
  3 orcs (D:2)
  5 ball pythons (D:1)
  An endoplasm (D:2)
  2 goblins
  2 hobgoblins (D:1)
  A kobold (D:1)
  2 quokkas (D:1)
  4 frilled lizards
  2 rats
25 creatures vanquished.

Notes
Turn   | Place    | Note
-------+----------+-------------------------------------------
     0 | D:1      | fragbeetle the Ghoul Gladiator began the quest for the Orb.
     0 | D:1      | Reached XP level 1. HP: 17/17 MP: 0/0
     6 | D:1      | Noticed a rime drake
     6 | D:1      | Noticed a black bear
     7 | D:1      | Noticed an anaconda
     7 | D:1      | Noticed a wolf
   242 | D:1      | Reached XP level 2. HP: 25/25 MP: 1/1
   246 | D:1      | Found a faded altar of an unknown god.
   973 | D:2      | Reached XP level 3. HP: 28/30 MP: 2/2
  1022 | D:2      | Reached XP level 4. HP: 21/38 MP: 3/3
  1051 | D:2      | HP: 1/38 [something/magic dart (10)]
  1052 | D:2      | Slain by an orc wizard

Illustrated notes

Levels and vault maps discovered:
D:1:      onia_arrival_zoo_common, layout_basic,
          shapermc_ecumenical_altar_mp_urbaneastern
D:2:      layout_loops_ring

Skill      XL: |  1  2  3 |
---------------+----------+-----
Throwing       | 2 |  2.0
Polearms       | 3 |  3.7
Dodging        | 3 |  3.0
Fighting       | 3 |  3.0

Action                   |  1- 3 |  4- 6 || total
-------------------------+-------+-------++-------
Melee: Trident           |    74 |    21 ||    95
Armor: Leather armour    |     7 |     6 ||    13
Dodge: Dodged            |    48 |    11 ||    59

Table legend: (Time is in decaauts)
 A = Elapsed time spent in this place.
 B = Non-inter-level travel time spent in this place.
 C = Inter-level travel time spent in this place.
 D = Time resting spent in this place.
 E = Time spent auto-exploring this place.
 F = Levels seen in this place.
 G = Mean time per level.
                   A        B        C        D        E       F      G
               +--------+--------+--------+--------+--------+-----+--------+
         Total |   1065 |   1043 |     22 |      0 |    861 |   2 |  532.5 |
       Dungeon |   1065 |   1043 |     22 |      0 |    861 |   2 |  532.5 |
               +--------+--------+--------+--------+--------+-----+--------+

Top non-repeatable levels by time:
     D:1: 933 daAuts
     D:2: 131 daAuts
